 Dungeon Crawl Stone Soup version 0.29.1-15-g9cfb28693d (webtiles) character file.

Game seed: 16468036538508564351

12420 bnorton916 the Thaumaturge (level 11, -2/53 (54) HPs)
             Began as a Deep Elf Fire Elementalist on Mar 1, 2023.
             Was an Initiate of Gozag.
             Slain by a wight
             ... wielding a +0 falchion
              (3 damage)
             ... on level 10 of the Dungeon.
             The game lasted 00:19:45 (16631 turns).

bnorton916 the Thaumaturge (DEFE)                  Turns: 16631, Time: 00:19:47

HP:   -2/53 (54)    AC:  8    Str: 11    XL:     11   Next: 62%
MP:   0/39          EV: 27    Int: 23    God:    Gozag
Gold: 983           SH:  0    Dex: 15    Spells: 27/37 levels left

rFire   . . .      SeeInvis .   o - +2 long sword of Descent {flame, Str+4}
rCold   . . .      Faith    .   (no shield)
rNeg    . . .      Spirit   .   a - +0 robe
rPois   +          Reflect  .   x - +2 helmet
rElec   .          Harm     .   s - +0 cloak
rCorr   .          Rampage  .   h - +1 pair of gloves
Will    +....                   (no boots)
Stlth   ++........              E - amulet of the acrobat
HPRegen 0.17/turn               w - ring of magical power
MPRegen 0.26/turn               J - ring of poison resistance

@: gold aura, acrobatic, lightly drained
A: no striking features
a: Renounce Religion, Potion Petition, Call Merchant, Bribe Branch


You were on level 10 of the Dungeon.
You worshipped Gozag.
Gozag was pleased with you.
You visited 3 branches of the dungeon, and saw 12 of its levels.

You collected 1820 gold pieces.
You spent 234 gold pieces at shops.
You paid 603 gold pieces to Gozag.

Inventory:

Hand Weapons
 n - a +1 vampiric dagger
 o - the +2 long sword of Descent (weapon) {flame, Str+4}
   (You found it on level 2 of the Dungeon)

   It burns those it strikes, dealing additional fire damage.
   Big, fiery blades are also staple armaments of hydra-hunters.
   Str:       It affects your strength (+4).
 t - a +3 dagger
 M - a +3 short sword
 N - a +3 dagger of electrocution
Missiles
 m - 16 poisoned darts
 u - a throwing net
Armour
 a - a +0 robe (worn)
 h - a +1 pair of gloves (worn)
 s - a +0 cloak (worn)
 x - a +2 helmet (worn)
 y - a +2 ring mail of fire resistance
 D - a +0 buckler
 T - a +2 buckler of reflection
Magical Staves
 c - a staff of air
 g - a staff of cold
Jewellery
 w - a ring of magical power (left hand)
 B - a ring of ice
 E - an amulet of the acrobat (around neck)
 J - a ring of poison resistance (right hand)
Wands
 O - a wand of light (11)
 S - a wand of flame (20)
Scrolls
 f - 2 scrolls of teleportation
 i - a scroll of blinking {unknown}
 p - a scroll of acquirement {unknown}
 q - 3 scrolls of brand weapon {unknown}
 v - 2 scrolls of enchant weapon
 z - 2 scrolls of magic mapping
 G - 4 scrolls of immolation
 H - 3 scrolls of enchant armour
 I - 5 scrolls of noise {unknown}
 K - a scroll of poison {unknown}
 Q - 2 scrolls of vulnerability
Potions
 b - a potion of magic
 d - 3 potions of haste
 e - a potion of flight {unknown}
 j - 4 potions of heal wounds
 k - 6 potions of curing
 l - 3 potions of brilliance
 r - 2 potions of mutation
 A - 4 potions of might
 C - 2 potions of ambrosia
 F - 2 potions of attraction
 L - a potion of cancellation {unknown}
 P - a potion of invisibility {unknown}
 R - a potion of resistance {unknown}
 U - a potion of degeneration {unknown}


   Skills:
 - Level 2.4 Dodging
 - Level 2.4 Stealth
 + Level 3.6 Shields
 + Level 13.9 Spellcasting
 + Level 11.5 Conjurations
 + Level 11.9 Fire Magic


You had 27 spell levels left.
You knew the following spells:

 Your Spells              Type           Power      Damage    Failure   Level
a - Foxfire               Conj/Fire      100%       2x1d9     1%          1
b - Scorch                Fire           100%       2d10      1%          2
c - Conjure Flame         Conj/Fire      63%        6-21      1%          3
d - Flame Wave            Conj/Fire      63%        2d15      1%          4

Your spell library contained the following spells:

 Spells                   Type           Power      Damage    Failure   Level
 Inner Flame              Hex/Fire       43%        N/A       1%          3
 Apportation              Tloc           30%        N/A       3%          1
 Alistair's Intoxication  Tmut/Pois      10%        N/A       71%         5


Dungeon Overview and Level Annotations

Branches:
Dungeon (10/15)            Temple (1/1) D:5            Lair (1/5) D:8
    Orc: D:9-12

Altars:
Ashenzari
Cheibriados
Dithmenos
Elyvilon
Fedhas
Gozag
Hepliaklqana
Kikubaaqudgha
Makhleb
Nemelex Xobeh
Okawaru
Qazlal
Ru
Sif Muna
Trog
Uskayaw
Vehumet
Wu Jian
Xom
Yredelemnul
Zin
The Shining One

Shops:
D:5 (   D:6 *   Lair:1 =

Annotations:
D:3 2 transporters, cvbiiiiio's ghost, amateur MiFi


Message History

It was a potion of curing.
You feel better.
The centaur warrior is distracted by your dazzling golden aura.
The efreet is distracted by your dazzling golden aura.
The orc knight closely misses you.
Unknown command.
You feel much better.
The orc knight hits you with a +1 glaive!
Casting: Flame Wave (safe; 1% risk of failure)
Confirm with . or Enter, or press ? or * to list all spells.
Casting: Flame Wave (safe; 1% risk of failure)
Press: ? - help, Dir - look around, f - activate A wave of flame ripples out!
The flame wave engulfs the orc knight.
The orc knight is severely wounded. (Press . to intensify the flame waves.)
You hear an angry buzzing noise.
The orc knight hits you with a +1 glaive!
* * * LOW HITPOINT WARNING * * *
Unknown command.
Unknown command.
A wave of flame ripples out!
The flame wave engulfs the orc knight!
The orc knight is almost dead.
The orc knight closely misses you.
Unknown command.
Unknown command.
Unknown command.
A wave of flame ripples out!
The flame wave engulfs the orc knight.
You kill the orc knight!
You finish channelling waves of flame.
Unknown command.
Unknown command.
Unknown command.
Casting: Flame Wave (safe; 1% risk of failure)
Confirm with . or Enter, or press ? or * to list all spells.
Flames lash the centaur warrior.
You kill the centaur warrior!
The wight hits you with a +0 falchion.
* * * LOW HITPOINT WARNING * * *
You feel drained.
You die...
Your body crumbles into a pile of gold.

## #######
.. .....
.##.##.$.
......$$#
#z.#######
#.#@$.....#
Rc##........


y.z #........# ..# #..#...... # ##......... #..######## #..# #..## ##..# You
could see a wight.

Vanquished Creatures
  A centaur warrior (D:10)
  A two-headed ogre (D:9)
  2 death yaks
  An orc knight (D:10)
  A cyclops (D:9)
  A cane toad (Lair:1)
  A komodo dragon (Lair:1)
  A hornet (D:8)
  5 blink frogs (Lair:1)
  Grinder (D:6)
  4 wyverns
  Eustachio (D:6)
  A basilisk (D:8)
  23 yaks
  A steam dragon (D:8)
  6 water moccasins
  2 orc warriors
  An ice beast (D:8)
  A sky beast (D:7)
  An ogre (D:5)
  4 centaurs
  A kobold brigand (D:7)
  4 bullfrogs
  2 necrophages
  2 scorpions
  A killer bee (D:10)
  3 jellies
  2 howler monkeys
  3 hounds
  5 orc priests
  Jessica (D:2)
  4 iguanas
  13 orc wizards
  8 gnolls
  2 adders
  A shadow imp (D:7)
  2 ufetubi
  2 worms
  A dart slug (D:3)
  44 orcs
  5 endoplasms
  6 giant cockroaches
  20 goblins
  15 hobgoblins
  3 jackals (D:4)
  16 kobolds
  2 quokkas (D:4)
  4 ball pythons
  3 bats
  6 frilled lizards
  4 rats
245 creatures vanquished.

Vanquished Creatures (collateral kills)
  3 foxfires
3 creatures vanquished.

Vanquished Creatures (others)
  697 foxfires
  15 fungi (Lair:1)
  23 plants
735 creatures vanquished.

Grand Total: 983 creatures vanquished

Notes
Turn   | Place    | Note
-------+----------+-------------------------------------------
     0 | D:1      | bnorton916 the Deep Elf Fire Elementalist began the quest
                  | for the Orb.
     0 | D:1      | Reached XP level 1. HP: 10/10 MP: 6/6
   430 | D:1      | Reached XP level 2. HP: 15/15 MP: 5/8
  1187 | D:1      | Found a faded altar of an unknown god.
  1407 | D:2      | Reached XP level 3. HP: 19/19 MP: 3/10
  1561 | D:2      | Found a glowing silver altar of Zin.
  1677 | D:2      | Reached skill level 4 in Spellcasting
  1680 | D:2      | Learned a level 2 spell: Scorch
  1684 | D:2      | Learned a level 3 spell: Conjure Flame
  1724 | D:2      | Identified the +2 long sword of Descent {flame, Str+4}
  1888 | D:2      | Noticed Jessica
  1892 | D:2      | Killed Jessica
  1893 | D:2      | Reached XP level 4. HP: 24/24 MP: 9/12
  2183 | D:3      | Found a snail-covered altar of Cheibriados.
  2232 | D:3      | Reached XP level 5. HP: 28/28 MP: 3/14
  2350 | D:3      | Reached skill level 5 in Spellcasting
  2427 | D:3      | Identified the +8 great mace "Beastbane" {venom, rPois
                  | Int+5}
  2427 | D:3      | Noticed an ogre
  2428 | D:3      | Found a transporter.
  3037 | D:3      | Noticed an ogre
  3037 | D:3      | Noticed cvbiiiiio's ghost (amateur MiFi)
  3084 | D:3      | Found a transporter.
  3873 | D:4      | Reached skill level 5 in Fire Magic
  4044 | D:4      | Reached XP level 6. HP: 32/32 MP: 8/16
  4848 | D:4      | Found a glowing golden altar of the Shining One.
  4906 | D:4      | Found a burning altar of Makhleb.
  4984 | D:4      | Reached skill level 6 in Spellcasting
  5372 | D:5      | Entered Level 5 of the Dungeon
  5372 | D:5      | Noticed a water moccasin
  5440 | D:5      | Found a staircase to the Ecumenical Temple.
  5453 | Temple   | Entered the Ecumenical Temple
  5636 | Temple   | Became a worshipper of Gozag Ym Sagoz the Greedy
  6072 | D:5      | Learned a level 4 spell: Flame Wave
  6131 | D:5      | Reached XP level 7. HP: 31/36 MP: 18/18
  6404 | D:5      | Reached skill level 5 in Conjurations
  6692 | D:5      | Found a sparkling altar of Nemelex Xobeh.
  6766 | D:5      | Reached skill level 7 in Spellcasting
  6800 | D:5      | Found Bin Tof's Weapon Shoppe.
  7055 | D:5      | Found a glowing silver altar of Zin.
  7270 | D:6      | Reached XP level 8. HP: 41/41 MP: 21/21
  7490 | D:6      | Found a radiant altar of Vehumet.
  7502 | D:6      | Noticed Grinder
  7509 | D:6      | Killed Grinder
  7510 | D:6      | Reached skill level 8 in Spellcasting
  7677 | D:6      | Found Ymest's General Store.
  7678 | D:6      | Found Horhual's Specific Store.
  7689 | D:6      | Bought a scroll of enchant armour for 97 gold pieces
  7693 | D:6      | Bought a scroll of enchant armour for 82 gold pieces
  7693 | D:6      | Bought a scroll of identify for 22 gold pieces
  7693 | D:6      | Bought a scroll of teleportation for 33 gold pieces
  9196 | D:6      | Noticed Eustachio
  9204 | D:6      | Killed Eustachio
  9205 | D:6      | Reached skill level 9 in Spellcasting
  9851 | D:7      | Reached XP level 9. HP: 45/45 MP: 24/24
 11062 | D:7      | Reached skill level 10 in Spellcasting
 11863 | D:8      | Found a staircase to the Lair.
 12152 | D:8      | Found a hazy altar of Hepliaklqana.
 12215 | D:8      | Reached skill level 11 in Spellcasting
 12218 | D:8      | Paralysed by a hornet for 3 turns
 12546 | D:8      | Found a bloodstained altar of Trog.
 12651 | D:8      | Reached XP level 10. HP: 50/50 MP: 25/27
 12805 | D:8      | Found a hide-covered altar of Uskayaw.
 13223 | Lair:1   | Entered Level 1 of the Lair of Beasts
 13235 | Lair:1   | Reached skill level 10 in Fire Magic
 13587 | Lair:1   | Noticed a cane toad
 13595 | Lair:1   | Killed a cane toad
 13596 | Lair:1   | Reached skill level 12 in Spellcasting
 13603 | Lair:1   | Reached skill level 10 in Conjurations
 14714 | Lair:1   | Noticed a death yak
 14740 | Lair:1   | Killed a death yak
 14741 | Lair:1   | Reached skill level 1 in Shields
 14927 | Lair:1   | Noticed a death yak
 14928 | Lair:1   | Noticed a death yak
 14928 | Lair:1   | Noticed a death yak
 14943 | Lair:1   | Noticed a death yak
 14946 | Lair:1   | Noticed a death yak
 14950 | Lair:1   | Noticed a cane toad
 14957 | Lair:1   | Noticed a cane toad
 14972 | D:8      | Killed a death yak
 14973 | D:8      | Reached XP level 11. HP: 29/54 MP: 17/29
 15342 | D:9      | Noticed a two-headed ogre
 15349 | D:9      | Killed a two-headed ogre
 15350 | D:9      | Reached skill level 13 in Spellcasting
 15436 | D:9      | Found a sacrificial altar of Ru.
 16513 | D:10     | Entered Level 10 of the Dungeon
 16609 | D:10     | Noticed a centaur warrior
 16609 | D:10     | Noticed an orc knight
 16629 | D:10     | Killed an orc knight
 16630 | D:10     | Killed a centaur warrior
 16631 | D:10     | HP: 1/54 [wight/+0 falchion (6)]
 16631 | D:10     | Slain by a wight

Illustrated notes

Levels and vault maps discovered:
D:1:      onia_arrival_mini_spirals, layout_basic, ebering_ecumenical_altar_hall
D:2:      layout_rooms, basic_altar, uniq_jessica
D:3:      layout_basic, kennysheep_slug_shrine, gammafunk_ghost_smash
D:4:      layout_loops_ring, mainiacjoe_overflow_two_lobes,
          hangedman_decor_growths
D:5:      layout_rooms, lemuel_tele_altar, nemelex_altar_shiori,
          minmay_temple_entry_grid, serial_shops, nicolae_diamond_shop
D:6:      corexii_shantytown, layout_basic, nicolae_vehumet_radiance,
          nicolae_specific_store, minmay_lizard_king, uniq_eustachio,
          uniq_grinder
D:7:      layout_loops_corners, hangedman_decor_points
D:8:      layout_loops_ring, mainiacjoe_overflow_alcove_2,
          nzn_hepliaklqana_mist_gate, overflow_temple_1_default,
          lair_entry_dummy
D:9:      nicolae_cairo_tiling_large, layout_irregular_city,
          mainiacjoe_overflow_alcove_1, enter_bailey_3
D:10:     layout_loops_ring, david_orc_4, minmay_pinched_square, uniq_maurice
Temple:   chequers_temple_sunken
Lair:1:   layout_long_grid, ebering_ghost_xom

Skill      XL: |  1  2  3  4  5  6  7  8  9 10 11 |
---------------+----------------------------------+-----
Conjurations   | 2 3 4 5 7 9 10 11 | 11.5
Spellcasting   | 4 5 6 7 9 11 12 13 | 13.9
Fire Magic     | 4 5 6 8 9 11 | 11.9
Shields        | 1 3 |  3.6
Dodging        | |  2.4
Stealth        | |  2.4

Action                   |  1- 3 |  4- 6 |  7- 9 | 10-12 || total
-------------------------+-------+-------+-------+-------++-------
Melee: Long sword        |       |       |     2 |     1 ||     3
 Cast: Foxfire           |   102 |   114 |   157 |    43 ||   416
       Scorch            |       |    41 |    51 |    28 ||   120
       Flame Wave        |       |       |    18 |    30 ||    48
       Conjure Flame     |       |       |     3 |     1 ||     4
Invok: Call Merchant     |       |       |       |     1 ||     1
  Use: Scroll            |       |       |    13 |       ||    13
       Potion            |       |       |       |     2 ||     2
Armor: Robe              |     1 |     3 |    26 |    10 ||    40
Dodge: Dodged            |     2 |    28 |    76 |    69 ||   175
